 Dungeon Crawl Stone Soup version 0.17-a0-1078-g243345b (webtiles) character file.

0 l0ser140 the Sneak (level 1, -1/10 HPs)
             Began as a Kobold Enchanter on May 19, 2015.
             Slain by a hobgoblin
             ... wielding a cursed -1 club
              (3 damage)
             ... on level 1 of the Dungeon.
             The game lasted 00:00:27 (193 turns).

l0ser140 the Sneak (Kobold Enchanter)                Turns: 193, Time: 00:00:28

Health: -1/10      AC:  3    Str:  6    XL:     1   Next: 11%
Magic:  3/3        EV: 15    Int: 13    God:
Gold:   17         SH:  0    Dex: 16    Spells: 1 memorised, 3 levels left

rFire  . . .     SeeInvis .     a - +1 dagger
rCold  . . .     Clarity  .     b - +1 robe
rNeg   . . .     SustAb   .     (shield restricted)
rPois  .         Gourm    .     (no helmet)
rElec  .         Spirit   .     (no cloak)
rCorr  .         Warding  .     (no gloves)
rMut   .         Stasis   .     (no boots)
MR     .....                    (no amulet)
Stlth  +++.......               (no ring)
                                (no ring)

@: not resistant to hostile enchantments, fairly stealthy
A: carnivore 3
a: no special abilities


You were on level 1 of the Dungeon.
You were not hungry.

You visited 1 branch of the dungeon, and saw 1 of its levels.

You collected 17 gold pieces.

Inventory:

Hand weapons
 a - a +1 dagger (weapon)
Armour
 b - a +1 robe (worn)
Scrolls
 e - 2 scrolls of remove curse {unknown}
Books
 c - a book of Maledictions

   Spells                             Type                      Level
   a - Corona                         Hexes                        1
   b - Ensorcelled Hibernation        Hexes/Ice                    2
   c - Confuse                        Hexes                        3
   d - Tukima's Dance                 Hexes                        3
   e - Dazzling Spray                 Conjuration/Hexes            3
Comestibles
 d - a meat ration


   Skills:
 - Level 1.3 Short Blades
 - Level 2.4 Dodging
 + Level 4.1 Stealth
 - Level 2.0 Spellcasting
 + Level 3.0 Hexes


You had 3 spell levels left.
You knew the following spells:

 Your Spells              Type           Power        Failure   Level  Hunger
y - Corona                Hex            #......      10%         1    ##.....


Dungeon Overview and Level Annotations

Branches:
Dungeon (1/15)

Altars:


Innate Abilities, Weirdness & Mutations

You are small and have problems with some larger weapons.
You are carnivorous and can eat meat at any time.


Message History

Found a stone staircase leading down.
e - 2 scrolls labeled ERAOMY UNIC (gained 1)
A bat, a rat and a hobgoblin come into view.
Found 16 gold pieces.
A bat comes into view.
The bat moves out of view.
The bat misses you. The bat hits you but does no damage.
You hit the bat.
You kill the bat!
What do you say? t - Shout!
Orders for allies: a - Attack new target. r - Retreat! s - Stop attacking. w - Wait here. f - Follow me.
Anything else - Stay silent.
You shout for attention!
The hobgoblin shouts!
You hear a shout!
A rat comes into view.
The rat moves out of view.
A goblin comes into view. It is wielding a dagger.
There are monsters nearby!
There are monsters nearby!
There are monsters nearby!
You hit the hobgoblin but do no damage. The hobgoblin completely misses you.
You hit the hobgoblin.
The hobgoblin is moderately wounded.
The hobgoblin misses you.
You barely miss the hobgoblin.
The hobgoblin is moderately wounded.
The hobgoblin hits you but does no damage.
A goblin comes into view. It is wielding a dagger.
You closely miss the hobgoblin.
The hobgoblin is moderately wounded.
The rat twitches its whiskers.
The hobgoblin barely misses you.
The goblin shouts!
You hit the hobgoblin but do no damage.
The hobgoblin is moderately wounded.
The hobgoblin hits you with a club.
Huge Dmg: -40%(-4hp) hp: 60%(6hp)
You barely miss the hobgoblin.
The hobgoblin is moderately wounded.
The hobgoblin closely misses you.
You closely miss the hobgoblin. The hobgoblin hits you with a club.
* * * LOW HITPOINT WARNING * * *
Huge Dmg: -40%(-4hp) hp: 20%(2hp)
You closely miss the hobgoblin. You hit the hobgoblin.
The hobgoblin is heavily wounded.
The hobgoblin hits you with a club.
You die...

# #.........#
#.#.# #.#. #
.$.......# #.#.#
#.#. # ........#
#.#.# #.#. ##
...g... #.#.#
#.#. .# .....
##.#.#######.#.
## .r.
#..............
.# #.#
#..>.#######...
.# #r#####....#
#### ########.#
#grgK......# #
#....#.#
#######....#
#.##.#.# #....#
###.##.#.# ###
#....#
....##.#.######(#
######
###.#..#.#......#
#.####.##.###.#
#.........# #.#
######.######.#


You could see a hobgoblin, a goblin and 2 rats.

Vanquished Creatures
  A bat (D:1)
1 creature vanquished.

Notes
Turn   | Place    | Note
--------------------------------------------------------------
     0 | D:1      | l0ser140 the Kobold Enchanter began the quest for the Orb.
     0 | D:1      | Reached XP level 1. HP: 10/10 MP: 3/3
   190 | D:1      | Huge Dmg: 4 Dmg
   192 | D:1      | Huge Dmg: 4 Dmg
   193 | D:1      | Slain by a hobgoblin

Vault maps used:
D:1:      dpeg_arrival_round_b

Action                   || total
-------------------------++-------
Melee: Dagger            ||    10

Vault maps used:
D:1:      dpeg_arrival_round_b
